 Dungeon Crawl Stone Soup version 0.21-a0-278-ga722497 (webtiles) character file.

323 FrankyJ the Poker (level 6, -3/48 HPs)
             Began as a Merfolk Gladiator on Sept 23, 2017.
             Was a Follower of Yredelemnul.
             Killed by divine providence
             ... invoked by an orc priest
              (13 damage)
             ... on level 4 of the Dungeon.
             The game lasted 00:11:13 (4024 turns).

FrankyJ the Poker (Merfolk Gladiator)               Turns: 4024, Time: 00:11:15

Health: -3/48      AC:  4    Str: 16    XL:     6   Next: 47%
Magic:  6/6        EV: 14    Int:  8    God:    Yredelemnul [*.....]
Gold:   141        SH:  4    Dex: 15    Spells: 5/5 levels left

rFire    . . .     SeeInvis .   a - +0 trident
rCold    + . .     Gourm    .   (no shield)
rNeg     . . .     Faith    .   h - +0 leather armour {rC+}
rPois    .         Spirit   .   g - +0 helmet
rElec    .         Reflect  +   (no cloak)
rCorr    .         Harm     .   (no gloves)
MR       .....                  (no boots)
Stlth    +.........             i - +4 amulet of reflection
HPRegen  0.16/turn              (no ring)
MPRegen  0.10/turn              (no ring)

@: about to teleport
A: change form in water, swift swim, stealthy swim
a: Animate Remains, Renounce Religion


You were on level 4 of the Dungeon.
You worshipped Yredelemnul.
Yredelemnul was aware of your devotion.
You were not hungry.

You visited 1 branch of the dungeon, and saw 4 of its levels.

You collected 141 gold pieces.

Inventory:

Hand Weapons
 a - a +0 trident (weapon)
Missiles
 d - 2 throwing nets (quivered)
Armour
 b - a +0 leather armour
 c - a +0 helmet
 g - a +0 helmet (worn)
 h - a +0 leather armour of cold resistance (worn)
Jewellery
 i - a +4 amulet of reflection (around neck)
 m - an uncursed amulet of rage {unknown}
Wands
 y - a wand of lightning (8/15)
Scrolls
 e - 4 scrolls of identify {unknown}
 k - 2 scrolls of enchant armour {unknown}
 l - a scroll of blinking {unknown}
 o - 4 scrolls of teleportation
 q - 4 scrolls of remove curse {unknown}
 s - a scroll of magic mapping {unknown}
 t - a scroll of noise {unknown}
Potions
 j - 2 potions of heal wounds {unknown}
 n - a potion of resistance {unknown}
 p - 2 potions of flight {unknown}
 r - 2 potions of invisibility {unknown}
 u - a potion of agility {unknown}
 x - 2 potions of might {unknown}
 z - a potion of magic {unknown}
Comestibles
 f - 4 bread rations
 v - 3 meat rations
 w - a royal jelly
 B - 4 fruits


   Skills:
 + Level 4.1 Fighting
 + Level 7.5 Polearms
 - Level 2.0 Throwing
 + Level 1.5 Armour
 - Level 5.0 Dodging


You had 5 spell levels left.
You didn't know any spells.

Dungeon Overview and Level Annotations

Branches:
Dungeon (4/15)
 Temple: D:4-7

Altars:
Cheibriados
Dithmenos
Elyvilon
Ru
Trog
Wu Jian
Yredelemnul

Shops:
D:4 *

Annotations:
D:4 McSplat's ghost, novice OpFi


Message History

The orc wizard gestures at you while chanting.
The magic dart hits you!
The orc barely misses you. 2 orc priests come into view.
The orc priest shouts! x2
The orc wizard gestures at you while chanting.
The magic dart hits you!
You closely miss the orc wizard. The orc wizard closely misses you.
The orc priest calls down the wrath of Beogh upon you.
Beogh smites you!
* * * LOW HITPOINT WARNING * * *
The orc priest looks satisfied for a moment.
The orc wizard closely misses you. The orc closely misses you.
As you read the scroll of teleportation, it crumbles to dust.
You feel strangely unstable.
The orc wizard mumbles some strange words.
The orc wizard blinks!
The orc priest calls down the wrath of Beogh upon you.
Beogh smites you!
You die...
Your body rises from the dead as a mindless zombie.

## # .### .... #..
###.#.###. ##.##
........ #.... #.#.#.#
#..## #.....# ##..##
#...#######...##
#######..............[
..#..@#...#######..###
#.#..§o..o# #..#
#.#...##.## #####..###
#.##.###.# #.........
#.##.# #.# #.###.....
######.##o###.# #
#...##
###........o....#
#.#.#
.(........#.#####
#.#.# #########...#.#
#.#.##


You could see 2 orc priests, an orc wizard and an orc.

Vanquished Creatures
  2 bullfrog skeletons (D:4)
  2 orc priests
  An orc wizard (D:4)
  2 worker ants
  Robin (D:3)
  3 adders
  An adder zombie (D:3)
  A worm (D:2)
  4 dart slugs
  2 leopard geckos (D:4)
  6 orcs
  10 goblins
  15 hobgoblins
  5 jackals
  5 kobolds
  A quokka (D:2)
  A ball python (D:1)
  A bat (D:1)
  3 frilled lizards
  7 rats
73 creatures vanquished.

Notes
Turn   | Place    | Note
-------+----------+-------------------------------------------
     0 | D:1      | FrankyJ the Merfolk Gladiator began the quest for the Orb.
     0 | D:1      | Reached XP level 1. HP: 16/16 MP: 1/1
    65 | D:1      | Reached XP level 2. HP: 21/23 MP: 2/2
    98 | D:1      | Reached skill level 5 in Polearms
   717 | D:2      | Reached XP level 3. HP: 28/28 MP: 3/3
   750 | D:2      | Found a shadowy altar of Dithmenos.
   751 | D:2      | Found a bloodstained altar of Trog.
   751 | D:2      | Found a sacrificial altar of Ru.
   753 | D:2      | Found a basalt altar of Yredelemnul.
   758 | D:2      | Found a snail-covered altar of Cheibriados.
   842 | D:2      | Became a worshipper of Yredelemnul the Dark
  1515 | D:2      | Reached XP level 4. HP: 20/34 MP: 4/4
  1973 | D:3      | Reached skill level 6 in Polearms
  2254 | D:3      | Noticed Robin
  2284 | D:3      | Killed Robin
  2590 | D:3      | Reached * piety under Yredelemnul
  2590 | D:3      | Reached XP level 5. HP: 30/41 MP: 5/5
  2751 | D:3      | Reached skill level 5 in Dodging
  2996 | D:3      | Found a white marble altar of Elyvilon.
  3481 | D:4      | Reached skill level 7 in Polearms
  3481 | D:4      | Reached skill level 1 in Armour
  3535 | D:4      | Reached XP level 6. HP: 48/48 MP: 6/6
  3673 | D:4      | Noticed McSplat's ghost (novice OpFi)
  3898 | D:4      | Found an ornate altar of the Wu Jian Council.
  3935 | D:4      | Found Aceifyg's Assorted Antiques.
  4024 | D:4      | Killed from afar by an orc priest

Vault maps used:
D:1:      evilmike_arrival_plus, eino_curves_01, minmay_liquid_box,
          minmay_misc_feat_room
D:2:      wad_crossroads, minitemple, grunt_decor_arrowhead
D:3:      lemuel_doored_altar, uniq_robin
D:4:      nicolae_overflow_crystal_walls, serial_shops, shop

Skill      XL: |  1  2  3  4  5  6 |
---------------+-------------------+-----
Polearms       | 5 6 7 |  7.5
Fighting       | 3 4 |  4.1
Dodging        | 5 |  5.0
Armour         | 1 |  1.5
Throwing       | |  2.0

Action                   |  1- 3 |  4- 6 || total
-------------------------+-------+-------++-------
Melee: Trident           |    97 |   176 ||   273
Throw: Throwing net      |       |     1 ||     1
  Use: Scroll            |       |     2 ||     2
 Stab: Sleeping          |       |     2 ||     2
  Eat: Chunk             |     2 |     8 ||    10
Armor: Leather armour    |    14 |    21 ||    35
Dodge: Dodged            |    56 |    93 ||   149
Block: Other             |     6 |    15 ||    21

Table legend:
 A = Spawn XP
 B = Non-spawn XP
 C = Spawn XP percentage of total XP
 D = Spawn monster count
 E = Non-spawn monster count
 F = Spawn count percentage of total count
 G = Total turns spent on level
                    A         B        C        D         E        F      G
               +---------+---------+-------+---------+---------+-------+---------
         Total |       0 |     462 |   0.0 |       0 |      73 |   0.0 |  4024
               +---------+---------+-------+---------+---------+-------+---------
           D:1 |       0 |      33 |   0.0 |       0 |      17 |   0.0 |   713
           D:2 |       0 |      54 |   0.0 |       0 |      16 |   0.0 |  1204
           D:3 |       0 |     150 |   0.0 |       0 |      30 |   0.0 |  1555
           D:4 |       0 |     225 |   0.0 |       0 |      10 |   0.0 |   552
               +---------+---------+-------+---------+---------+-------+---------
